 Dungeon Crawl Stone Soup version 0.29-a0-393-g47a863cc1b (webtiles) character file.

Game seed: 10383867866063357564

39 Lekart the Skirmisher (level 3, -4/33 HPs)
             Began as a Draconian Chaos Knight on May 10, 2022.
             Was a Plaything of Xom.
             Slain by a worm (8 damage)
             ... on level 2 of the Dungeon.
             The game lasted 00:03:18 (1050 turns).

Lekart the Skirmisher (Draconian Chaos Knight)      Turns: 1050, Time: 00:03:19

Health: -4/33      AC:  5    Str: 13 (14) XL:     3   Next: 26%
Magic:  3/3        EV: 12    Int:  9 (12) God:    Xom [..*...]
Gold:   125        SH:  0    Dex: 10 (12) Spells: 2/2 levels left

rFire   . . .      SeeInvis .   a - +0 falchion (chaos)
rCold   . . .      Faith    .   (no shield)
rNeg    . . .      Spirit   .   (body armour unavailable)
rPois   .          Reflect  .   (helmet restricted)
rElec   .          Harm     .   (no cloak)
rCorr   .          Rampage  .   (no gloves)
Will    .....                   (no boots)
Stlth   +.........              (no amulet)
HPRegen 0.11/turn               (no ring)
MPRegen 0.08/turn               (no ring)

@: no status effects
A: AC +5, unfitting armour, cold-blooded
a: Renounce Religion


You were on level 2 of the Dungeon.
You worshipped Xom.
You were a toy of Xom.
You visited 1 branch of the dungeon, and saw 2 of its levels.

You collected 125 gold pieces.

Inventory:

Hand Weapons
 a - a +0 falchion of chaos (weapon)
Missiles
 e - 4 poisoned darts (quivered)
Scrolls
 f - a scroll of identify
 g - a scroll of enchant armour
Miscellaneous
 b - a piece from Xom's chessboard (14/15)


   Skills:
 + Level 4.0 Fighting
 + Level 3.6 Long Blades
 + Level 0.6 Throwing
 + Level 2.2 Dodging


You had 2 spell levels left.
You didn't know any spells.
Your spell library was empty.

Dungeon Overview and Level Annotations

Branches:
Dungeon (2/15)

Altars:

Shops:
D:1 :


Innate Abilities, Weirdness & Mutations

Your plain brown scales are hard. (AC +5)
You cannot fit into any form of body armour.
You are cold-blooded and may be slowed by cold attacks.


Message History

A worm is nearby!
You make a move on Xom's chessboard...
The worm appears confused.
You see here a bat corpse.
You hit the worm.
The worm seems to slow down.
The worm is lightly wounded.
You hit the worm but do no damage.
The worm is lightly wounded.
You hit the worm. You burn the worm.
The worm is heavily wounded.
The worm is no longer moving slowly.
You barely miss the worm. You tail-slap the worm.
The worm is severely wounded.
You hit the worm.
The worm resists with some effort.
The worm is severely wounded.
You barely miss the worm.
You tail-slap the worm, but do no damage.
The worm is severely wounded.
You hit the worm.
The worm is severely wounded.
The worm bites you.
You hit the worm but do no damage.
The worm is severely wounded.
You hit the worm but do no damage.
The worm goes berserk!
You tail-slap the worm, but do no damage.
The worm is severely wounded.
The worm seems less confused.
The worm bites you!
* * * LOW HITPOINT WARNING * * *
You are too injured to fight recklessly!
You are too injured to fight recklessly!
You hit the worm but do no damage.
The worm is heavily wounded.
The worm bites you.
* * * LOW HITPOINT WARNING * * *
An endoplasm comes into view.
The endoplasm quivers.
The endoplasm barely misses you.
You hit the endoplasm. You freeze the endoplasm.
You kill the endoplasm!
The worm bites you!
You die...

.......#
#......### ####.#
..>....#
#.####...###....(#
.......# #.#
###.....# ......##
#.# ###†..#
.?.>.## #.#
##..#...# ####.#
#.# ##..####.# ..
#. ###.<## # #.#
#. #.w.## #@###
#.# #.# #.# #.#
#.# #.# #.#


You could see a worm (berserk).

Vanquished Creatures
  2 dart slugs (D:1)
  6 endoplasms
  A giant cockroach (D:1)
  2 goblins (D:1)
  2 jackals (D:1)
  3 kobolds (D:1)
  A ball python (D:1)
  5 bats
  A rat (D:1)
23 creatures vanquished.

Notes
Turn   | Place    | Note
-------+----------+-------------------------------------------
     0 | D:1      | Lekart the Draconian Chaos Knight began the quest for the
                  | Orb.
     0 | D:1      | Reached XP level 1. HP: 19/19 MP: 1/1
    11 | D:1      | XOM: silly message
   208 | D:1      | XOM: potion effect (haste)
   210 | D:1      | XOM: silly message
   220 | D:1      | Reached XP level 2. HP: 26/26 MP: 2/2
   645 | D:1      | Reached skill level 4 in Fighting
   645 | D:1      | Reached XP level 3. HP: 31/33 MP: 3/3
   681 | D:1      | XOM: noise
   845 | D:1      | Found Pais's Book Emporium.
   907 | D:1      | XOM: silly message
  1050 | D:2      | Slain by a worm

Illustrated notes

Levels and vault maps discovered:
D:1:      scummos_arrival_hexagon, layout_basic, serial_shops, shop,
          chequers_serial_rivers_large_a, minivault_26
D:2:      layout_rooms

Skill      XL: |  1  2 |
---------------+-------+-----
Fighting       | 4 |  4.0
Long Blades    | |  3.6
Throwing       | |  0.6
Dodging        | |  2.2

Action                   || total
-------------------------++-------
Melee: Falchion          ||    64
       Tailslap          ||     9
Throw: Dart              ||    28
Evoke: Piece from Xom's  ||     3
  Use: Potion            ||     3
       Scroll            ||     2
 Stab: Petrified         ||     2
Armor: Skin              ||    15
Dodge: Dodged            ||    36

Table legend: (Time is in decaauts)
 A = Elapsed time spent in this place.
 B = Non-inter-level travel time spent in this place.
 C = Inter-level travel time spent in this place.
 D = Time resting spent in this place.
 E = Time spent auto-exploring this place.
 F = Levels seen in this place.
 G = Mean time per level.
                   A        B        C        D        E       F      G
               +--------+--------+--------+--------+--------+-----+--------+
         Total |   1048 |   1037 |     11 |     10 |    750 |   2 |  524.0 |
       Dungeon |   1048 |   1037 |     11 |     10 |    750 |   2 |  524.0 |
               +--------+--------+--------+--------+--------+-----+--------+

Top non-repeatable levels by time:
     D:1: 933 daAuts
     D:2: 115 daAuts
